 Dungeon Crawl Stone Soup version 0.32-a0-913-g739538a (webtiles) character file.

Game seed: 11943185323191584084

90626 TitleDDak the Severer (level 15, -32/134 HPs)
             Began as a Minotaur Fighter on Apr 8, 2024.
             Was the Champion of Okawaru.
             Killed from afar by Nikola (76 damage)
             ... with an arc of chain lightning
             ... on level 1 of the Swamp on Apr 9, 2024.
             The game lasted 00:43:17 (23481 turns).

TitleDDak the Severer (Minotaur Fighter)           Turns: 23481, Time: 00:43:36

Health: -32/134    AC: 30    Str: 28    XL:     15   Next: 52%
Magic:  16/21      EV:  7    Int:  3    God:    Okawaru [******]
Gold:   2185       SH: 15    Dex: 10    Spells: 14/14 levels left

rFire   + . .        Q - +13 consecrated labrys {holy, Valiant ^Fragile Fly SInv}
rCold   + + +        g - +0 kite shield
rNeg    . . .        O - +4 chain mail {Will+}
rPois   +            (helmet restricted)
rElec   +            n - +2 cloak {rPois}
rCorr   +            J - +1 pair of gloves
SInv    +            a - +2 pair of boots of Modesty {rPois rC+++ Regen+ Int-2}
Will    ++...        V - amulet of reflection
Stlth   +            h - +4 ring of protection
HPRegen 1.22/turn    L - +4 ring of slaying
MPRegen 0.17/turn

%: reflection
@: resistant, finesse-ful, flying
A: horns 2, retaliatory headbutt
a: Renounce Religion, Heroism, Finesse, Duel


You were on level 1 of the Swamp.
You worshipped Okawaru.
Okawaru was exalted by your worship.
You visited 5 branches of the dungeon, and saw 24 of its levels.
You also visited: Ossuary, Bailey and Ice Cave.

You collected 2621 gold pieces.
You spent 436 gold pieces at shops.

Inventory:

Hand Weapons
 q - a +7 war axe of flaming
 D - a +0 broad axe
 Q - the +13 consecrated labrys (weapon) {holy, Valiant ^Fragile Fly SInv}
   (You acquired it on level 1 of the Swamp)

   Valiant:   It becomes more powerful as more dangerous foes come into view.
   SInv:      It lets you see invisible.
   Fly:       It grants you flight.
   ^Fragile:  It will be destroyed if unequipped.
Missiles
 t - 8 throwing nets
 T - 9 silver javelins
 U - 22 boomerangs (quivered)
 Z - 8 javelins
Armour
 a - the +2 pair of boots of Modesty (worn) {rPois rC+++ Regen+ Int-2}
   (You bought it in a shop on level 2 of the Orcish Mines)

   Int-2:     It affects your intelligence (-2).
   rC+++:     It renders you almost immune to cold.
   rPois:     It protects you from poison.
   Regen+:    It increases your rate of health regeneration.
 g - a +0 kite shield (worn)
 n - a +2 cloak of poison resistance (worn)
 J - a +1 pair of gloves (worn)
 O - a +4 chain mail of willpower (worn)
 W - a +0 tower shield
Jewellery
 h - a +4 ring of protection (left hand)
 o - a ring of ice
 r - a ring of see invisible
 F - a ring of fire
 L - a +4 ring of slaying (right hand)
 V - an amulet of reflection (around neck)
 X - a ring of flight
Wands
 C - a wand of mindburst (20)
 G - a wand of iceblast (27)
 K - a wand of acid (20)
Scrolls
 b - 2 scrolls of fear
 e - a scroll of revelation
 f - a scroll of brand weapon {unknown}
 j - 2 scrolls of fog
 p - 9 scrolls of teleportation
 s - 6 scrolls of vulnerability
 w - a scroll of enchant weapon {unknown}
 y - 4 scrolls of poison
 A - 7 scrolls of blinking
 H - 4 scrolls of immolation
 I - 5 scrolls of enchant armour
 P - 3 scrolls of torment
Potions
 c - a potion of degeneration {unknown}
 d - 5 potions of might
 i - 2 potions of lignification
 k - 4 potions of mutation
 u - 4 potions of cancellation
 x - a potion of ambrosia
 z - 9 potions of curing
 B - 4 potions of invisibility
 E - 3 potions of attraction
 M - a potion of enlightenment
 N - 4 potions of haste
 S - 7 potions of heal wounds
 Y - a potion of berserk rage
Miscellaneous
 m - a lightning rod (4/4)
 R - a condenser vane


   Skills:
 + Level 12.4 Fighting
 - Level 18.0 Axes
 + Level 9.5 Throwing
 + Level 13.9 Armour
 - Level 9.6 Stealth
 - Level 9.0 Shields
 + Level 9.5 Invocations
 - Level 4.6 Evocations


You had 14 spell levels left.
You didn't know any spells.
Your spell library contained the following spells:

 Spells                   Type           Power      Damage    Failure   Level
 Apportation              Tloc           0%         N/A       97%         1
 Freeze                   Ice            0%         1d3       97%         1
 Necrotise                Necr           0%         1d4       97%         1
 Slow                     Hex            0%         N/A       97%         1
 Sting                    Conj/Alch      0%         1d3       97%         1
 Ensorcelled Hibernation  Hex/Ice        0%         N/A       99%         2
 Mercury Vapours          Alch/Air       0%         N/A       99%         2
 Confusing Touch          Hex            0%         N/A       100%        3
 Frozen Ramparts          Ice            0%         1d1       100%        3
 Fugue of the Fallen      Necr           0%         N/A       100%        3
 Hailstorm                Conj/Ice       0%         3d5       100%        3
 Inner Flame              Hex/Fire       0%         N/A       100%        3
 Mephitic Cloud           Conj/Alch/Air  0%         N/A       100%        3
 Ozocubu's Armour         Ice            0%         N/A       100%        3
 Vampiric Draining        Necr           0%         2d6       100%        3
 Anguish                  Hex/Necr       0%         N/A       100%        4
 Flame Wave               Conj/Fire      0%         2d4       100%        4
 Olgreb's Toxic Radiance  Alch           0%         N/A       100%        4
 Passage of Golubria      Tloc           0%         N/A       100%        4
 Sticky Flame             Fire/Alch      0%         2d4       100%        4
 Curse of Agony           Necr           0%         N/A       100%        5
 Freezing Cloud           Conj/Ice/Air   0%         6-21      100%        5
 Silence                  Hex/Air        0%         N/A       100%        5
 Permafrost Eruption      Ice/Erth       0%         2x4d1     100%        6
 Manifold Assault         Tloc           0%         N/A       100%        7
 Orb of Destruction       Conj           0%         9d5       100%        7
 Ozocubu's Refrigeration  Ice            0%         4d7       100%        7
 Discord                  Hex            0%         N/A       100%        8
 Lehudib's Crystal Spear  Conj/Erth      0%         10d2      100%        8
 Chain Lightning          Conj/Air       0%         N/A       100%        9
 Fire Storm               Conj/Fire      0%         5d1       100%        9
 Polar Vortex             Ice            0%         N/A       100%        9
 Shatter                  Erth           0%         3d5*      100%        9
 Summon Small Mammal      Summ           Unusable   N/A       N/A         1
 Summon Ice Beast         Ice/Summ       Unusable   N/A       N/A         3
 Martyr's Knell           Necr/Summ      Unusable   N/A       N/A         4
 Summon Blazeheart Golem  Fire/Summ      Unusable   N/A       N/A         4
 Summon Mana Viper        Hex/Summ       Unusable   N/A       N/A         5
 Sculpt Simulacrum        Ice/Alch       Unusable   N/A       N/A         6
 Monstrous Menagerie      Summ           Unusable   N/A       N/A         7
 Spellforged Servitor     Conj/Summ      Unusable   N/A       N/A         7

Dungeon Overview and Level Annotations

Branches:
Dungeon (15/15)            Temple (1/1) D:7            Lair (5/5) D:8
  Swamp (1/4) Lair:3       Spider (0/4) Lair:3        Slime (0/5) Lair:4
    Orc (2/2) D:10            Elf (0/3) Orc:2        Vaults (0/5) D:13
 Depths (0/4) D:15        Ossuary (visited)          Bailey (visited)
  IceCv (visited)

Altars:
Ashenzari
Cheibriados
Dithmenos
Elyvilon
Fedhas
Gozag
Hepliaklqana
Kikubaaqudgha
Makhleb
Nemelex Xobeh
Okawaru
Qazlal
Ru
Sif Muna
Trog
Uskayaw
Vehumet
Wu Jian
Xom
Yredelemnul
Zin
The Shining One
Beogh

Shops:
D:4 ?   D:6 =   D:7 (   D:9 *   Orc:2 [(*=

Portals:
Abyss: D:12

Annotations:
D:12 2 transporters, Dega's ghost, journeyman SpHu
D:14 2 transporters, exclusion: obsidian statue, Wuwnoc's ghost, journeyman VSBr
Lair:4 2 transporters, Loakagen's ghost, journeyman MiFi
Swamp:1 1 runed translucent door, Huckle's ghost, journeyman FeSh; Nikola


Innate Abilities, Weirdness & Mutations

You have a pair of horns on your head.
You reflexively headbutt those who attack you in melee.


Message History

You see here a scroll of identify.
Your pack is full.
You see here a scroll of identify.
Okay, then.
As you read the scroll of identify, it crumbles to dust.
Q - a scroll of acquirement Something appears at your feet!
Q - the +4 consecrated labrys {holy, Valiant ^Fragile Fly SInv}
Okay, then.
The +11 war axe of Awkwardness {speed, *Rage ^Fragile Str+5 Int+2} crumbles to dust!
You feel rather light.
The +4 consecrated labrys {holy, Valiant ^Fragile Fly SInv} softly glows with a divine radiance!
Q - the +4 consecrated labrys (weapon)
{holy, Valiant ^Fragile Fly SInv}
Okay, then.
Unknown command.
Nikola the Mad Inventor comes into view.
He is wielding a +0 rapier of electrocution.
Nikola shouts!
Nikola moves out of view.
You remove your ring of flight.
L - a +4 ring of slaying (right hand) Nikola casts a spell.
Lightning arcs from Nikola's hands!
The bolt of lightning hits you!!!
Okay, then.
You feel protected.
Nikola casts a spell.
Nikola blinks!
You can now deal lightning-fast blows.
Nikola gestures wildly while chanting.
Lightning arcs from Nikola's hands!
The bolt of lightning hits you!!! You resist.
A bolt of lightning appears from out of thin air!
The bolt of lightning hits Nikola!
Unknown command.
You slice Nikola!!
Nikola is lightly wounded.
Nikola mumbles some strange words.
Lightning arcs from Nikola's hands!
The bolt of lightning hits you!!!! You resist.
Ouch! That really hurt!
You die...

♣♣..§~~~♣♣.~.~~≈.≈♣
♣.~~)~.§♣♣~~≈~~≈≈♣
♣♣.~..~♣♣♣≈≈≈.~≈♣♣
♣♣....~♣~~~~~~≈♣
♣♣♣~~.♣~..~≈≈♣♣
...~.~..~~.♣♣ ♣
♣~.~..♣♣~~§§♣.♣♣
........~...~§♣
....~..~.@@♣.♣♣
.§..~.♣..~.~.♣
...~~~♣.~~~..♣
~~.♣.♣♣.....~~♣
~.~.§ ♣.~.~..♣♣ .
.. ..§..♣♣♣ ..~...
.♣♣♣..♣♣ ♣♣♣


You could see Nikola.

Vanquished Creatures
  Saint Roka (Orc:2)
  Nessos (Lair:3)
  Josephine (Lair:5)
  An ettin (D:15)
  Harold (D:11)
  8 vault guards (D:13)
  An alligator (Swamp:1)
  3 hydras
  3 catoblepae
  4 centaur warriors
  3 two-headed ogres
  3 boulder beetles
  Urug (Orc:2)
  4 death yaks (Lair:4)
  2 tengu warriors
  An orc high priest (Orc:2)
  A hell knight (D:15)
  3 goliath frogs (Swamp:1)
  2 bog bodies (IceCv)
  2 spriggan druids (Swamp:1)
  An orc knight (Orc:2)
  A necromancer (D:15)
  2 ugly things
  5 deep elf pyromancers
  5 obsidian bats
  A wolf spider (Lair:5)
  5 manticores
  2 cyclopes (D:15)
  2 orc sorcerers (Orc:2)
  3 meliai (D:14)
  10 black mambas
  8 elephants
  An ice statue (IceCv)
  2 gargoyles
  A guardian serpent (Lair:5)
  5 kobold blastminers (Orc:2)
  15 cane toads
  4 rime drakes
  A kobold demonologist (D:11)
  An ice devil (IceCv)
  9 komodo dragons
  An anaconda simulacrum (IceCv)
  A tengu conjurer (D:15)
  4 tyrant leeches (Swamp:1)
  9 trolls
  2 hornets (Lair:5)
  A polar bear (Lair:2)
  Grinder (D:6)
  11 blink frogs
  5 slime creatures (D:15)
  3 shadows
  A dire elephant simulacrum (IceCv)
  A vampire (Bailey)
  50 yaks
  4 wraiths (Lair:5)
  14 wyverns
  7 wargs (Orc:2)
  3 basilisks
  A steam dragon (Lair:2)
  2 redbacks (Lair:5)
  8 vampire mosquitoes
  7 death yak simulacra (IceCv)
  6 swamp worms
  22 water moccasins
  An acid dragon (D:11)
  20 orc warriors
  4 black bears
  2 swamp drakes (Swamp:1)
  2 ice beasts
  8 ogres
  11 centaurs
  7 wolves (Lair:5)
  A phantom (D:5)
  3 kobold brigands
  A weeping skull (Ossuary)
  2 gnoll sergeants
  4 scorpions
  14 bullfrogs
  5 two-headed ogre simulacra (IceCv)
  3 cane toad simulacra (IceCv)
  4 water moccasin zombies (Ossuary)
  8 wights
  An elephant simulacrum (IceCv)
  12 killer bees
  8 vampire bats (Bailey)
  3 wolf zombies (Bailey)
  7 howler monkeys
  A crimson imp (D:3)
  A gnoll bouda (D:6)
  12 orc priests
  A bombardier beetle (D:5)
  3 hounds (D:5)
  3 jellies
  A sleepcap (D:6)
  5 iguanas
  18 orc wizards
  A polar bear simulacrum (IceCv)
  7 spriggan simulacra (IceCv)
  6 troll simulacra (IceCv)
  2 wolf simulacra (IceCv)
  A bullfrog simulacrum (Ossuary)
  A crocodile zombie (Ossuary)
  2 mummies (Ossuary)
  22 gnolls
  5 naga simulacra (IceCv)
  8 adders
  A shadow imp (D:7)
  11 white imps
  6 ufetubi
  6 adder zombies (Ossuary)
  3 dart slugs
  2 ribbon worms
  83 orcs
  11 endoplasms
  2 giant cockroaches (D:1)
  11 gnoll zombies (Ossuary)
  2 goblins
  13 hobgoblins
  13 jackals
  20 kobolds
  5 quokkas
  5 ball pythons
  7 bats
  2 frilled lizards
  A goblin zombie (D:6)
  3 jackal zombies (Ossuary)
  25 orc zombies
  A quokka zombie (D:6)
  3 rats (D:3)
761 creatures vanquished.

Vanquished Creatures (others)
  2 bloated husks (Swamp:1)
2 creatures vanquished.

Grand Total: 763 creatures vanquished

Notes
Turn   | Place    | Note
-------+----------+-------------------------------------------
     0 | D:1      | TitleDDak the Minotaur Fighter began the quest for the Orb.
     0 | D:1      | Reached XP level 1. HP: 19/19 MP: 0/0
    32 | D:1      | Found a faded altar of an unknown god.
    41 | D:1      | Reached skill level 3 in Axes
    41 | D:1      | Reached XP level 2. HP: 23/27 MP: 1/1
   917 | D:2      | Reached skill level 4 in Axes
   917 | D:2      | Reached XP level 3. HP: 33/33 MP: 2/2
  1366 | D:3      | Reached skill level 5 in Axes
  1366 | D:3      | Reached XP level 4. HP: 40/40 MP: 3/3
  1442 | D:3      | Found a sacrificial altar of Ru.
  1584 | D:3      | Found a hazy altar of Hepliaklqana.
  1887 | D:3      | Found a white marble altar of Elyvilon.
  1888 | D:3      | Found a glowing silver altar of Zin.
  1888 | D:3      | Found a stormy altar of Qazlal.
  1903 | D:3      | Found a radiant altar of Vehumet.
  1950 | D:3      | Found a burning altar of Makhleb.
  1950 | D:3      | Found a shimmering altar of Xom.
  1956 | D:3      | Reached skill level 6 in Axes
  1956 | D:3      | Reached XP level 5. HP: 44/46 MP: 4/4
  2117 | D:4      | Reached skill level 1 in Stealth
  2297 | D:4      | Found Lacemeom's Magic Scroll Emporium.
  2306 | D:4      | Bought a scroll of teleportation for 42 gold pieces
  2539 | D:4      | Reached XP level 6. HP: 52/52 MP: 5/5
  2719 | D:5      | Entered Level 5 of the Dungeon
  2719 | D:5      | Found a shimmering blue altar of Sif Muna.
  2729 | D:5      | Identified the +8 trident "Coept" {pain, ^Contam rPois
                  | Int+2 Dex+3}
  2956 | D:5      | Noticed an ice beast
  3063 | D:5      | an ogre changed into a wyvern
  3063 | D:5      | Noticed a wyvern
  3259 | D:5      | Killed a wyvern
  3260 | D:5      | Reached skill level 5 in Stealth
  3260 | D:5      | Reached skill level 1 in Evocations
  3260 | D:5      | Reached XP level 7. HP: 36/59 MP: 6/6
  3491 | D:4      | Reached XP level 8. HP: 42/66 MP: 7/7
  3703 | D:5      | HP: 2/66 [centaur/arrow (3)]
  4200 | D:5      | Reached skill level 1 in Throwing
  4493 | D:6      | Identified the +11 war axe of Awkwardness {speed, *Rage
                  | ^Fragile Str+5 Int+2}
  4498 | D:6      | Identified the +4 hand axe "Binnara" {drain, Str+2}
  4603 | D:6      | Found a sand-covered staircase.
  4644 | Ossuary  | Entered an ossuary
  4975 | D:6      | Reached XP level 9. HP: 69/71 MP: 8/8
  5037 | D:6      | Noticed Grinder
  5040 | D:6      | Killed Grinder
  5113 | D:6      | Found Myudi's Jewellery Shop.
  6193 | D:7      | Found a staircase to the Ecumenical Temple.
  6201 | D:7      | Reached skill level 5 in Fighting
  6236 | Temple   | Entered the Ecumenical Temple
  6294 | Temple   | Became a worshipper of Warmaster Okawaru
  6477 | D:7      | Reached skill level 7 in Axes
  6629 | D:7      | Found Nomn's Antique Weapon Shoppe.
  6842 | D:7      | Found a blossoming altar of Fedhas.
  7343 | D:8      | Reached skill level 8 in Axes
  7343 | D:8      | Reached * piety under Okawaru
  7344 | D:8      | Reached XP level 10. HP: 66/84 MP: 9/9
  7469 | D:8      | Found a staircase to the Lair.
  7469 | D:8      | Noticed an elephant
  7476 | D:8      | Killed an elephant
  8094 | D:9      | Found a transporter.
  8096 | D:9      | Found Figalosm's General Store.
  8193 | D:9      | Reached skill level 9 in Axes
  8315 | D:9      | Noticed a two-headed ogre
  8319 | D:9      | Killed a two-headed ogre
  8433 | D:9      | Reached ** piety under Okawaru
  8651 | D:9      | Found a transporter.
  8811 | D:9      | Reached skill level 5 in Armour
  8811 | D:9      | Reached skill level 5 in Shields
  8862 | D:9      | Bought a scroll of identify for 26 gold pieces
  8862 | D:9      | Bought a scroll of identify for 26 gold pieces
  8894 | D:10     | Entered Level 10 of the Dungeon
  8930 | D:10     | Found a flagged portal.
  8940 | Bailey   | Entered a bailey
  9126 | Bailey   | Noticed a gargoyle
  9140 | Bailey   | Killed a gargoyle
  9291 | Bailey   | Reached *** piety under Okawaru
  9294 | Bailey   | Reached skill level 10 in Axes
  9307 | Bailey   | Identified the +1 robe "Akuprur" {^Drain Will+ Int+4
                  | Archmagi}
  9534 | D:10     | Found a staircase to the Orcish Mines.
  9676 | D:10     | Reached XP level 11. HP: 97/97 MP: 10/10
 10068 | D:10     | Reached **** piety under Okawaru
 10356 | D:10     | Reached skill level 11 in Axes
 10732 | D:11     | Reached ***** piety under Okawaru
 11141 | D:11     | Noticed Harold
 11149 | D:11     | Killed Harold
 11505 | D:12     | Noticed a deep elf knight
 11505 | D:12     | Noticed a white very ugly thing
 11516 | D:12     | Noticed a rakshasa
 11526 | D:12     | Identified the +3 ring mail of Hisa {Slay+3}
 11551 | D:12     | Noticed a large abomination
 11553 | D:12     | Found a one-way gate to the infinite horrors of the Abyss.
 11581 | D:12     | Found a transporter.
 11586 | D:12     | Found a transporter.
 11601 | D:12     | Noticed a two-headed ogre
 11607 | D:12     | Killed a two-headed ogre
 11752 | D:12     | Received a gift from Okawaru
 11798 | D:12     | Noticed a deep elf pyromancer
 11798 | D:12     | Noticed a purple ugly thing
 11804 | D:12     | Killed a purple ugly thing
 11805 | D:12     | Reached skill level 12 in Axes
 11805 | D:12     | Reached XP level 12. HP: 104/104 MP: 11/11
 12289 | D:12     | Noticed Dega's ghost (journeyman SpHu)
 12771 | Lair:1   | Entered Level 1 of the Lair of Beasts
 13016 | Lair:1   | Reached skill level 5 in Throwing
 13617 | Lair:2   | Reached skill level 10 in Armour
 13636 | Lair:2   | Received a gift from Okawaru
 13637 | Lair:2   | Reached skill level 13 in Axes
 13934 | Lair:2   | Noticed a catoblepas
 13946 | Lair:2   | Killed a catoblepas
 14074 | Lair:2   | Noticed a five-headed hydra
 14088 | Lair:2   | Killed an 11-headed hydra
 14089 | Lair:2   | Reached skill level 14 in Axes
 14162 | Lair:2   | Reached ****** piety under Okawaru
 14162 | Lair:2   | Received a gift from Okawaru
 14164 | Lair:2   | Reached skill level 1 in Invocations
 14517 | Lair:3   | Noticed Nessos
 14528 | Lair:3   | Killed Nessos
 14676 | Lair:3   | Found a hole to the Spider Nest.
 14696 | Lair:3   | Reached XP level 13. HP: 92/111 MP: 13/13
 15012 | Lair:3   | Found a staircase to the Swamp.
 15032 | Lair:3   | Received a gift from Okawaru
 15060 | Lair:3   | Found a bloodstained altar of Trog.
 15424 | Lair:4   | Reached skill level 15 in Axes
 15538 | Lair:4   | Found a transporter.
 15558 | Lair:4   | Noticed Loakagen's ghost (journeyman MiFi)
 15559 | Lair:4   | Found a bloodstained altar of Trog.
 15671 | Lair:4   | Reached skill level 5 in Invocations
 15757 | Lair:4   | Found a staircase to the Slime Pits.
 16046 | Lair:4   | Found a transporter.
 16190 | Lair:5   | Entered Level 5 of the Lair of Beasts
 16238 | Lair:5   | Noticed Josephine
 16248 | Lair:5   | Killed Josephine
 16248 | Lair:5   | Received a gift from Okawaru
 16514 | Lair:5   | Received a gift from Okawaru
 16517 | Lair:5   | Reached skill level 16 in Axes
 16810 | Lair:5   | Reached XP level 14. HP: 118/118 MP: 18/18
 17683 | D:13     | Received a gift from Okawaru
 17700 | D:13     | Found a frozen archway.
 17710 | IceCv    | Entered an ice cave
 17991 | IceCv    | Reached skill level 17 in Axes
 18679 | D:13     | Found a gate to the Vaults.
 18885 | D:13     | Reached skill level 18 in Axes
 18910 | D:13     | Acquired a +7 war axe of flaming
 18910 | D:13     | Received a gift from Okawaru
 18913 | D:13     | Acquired the +1 cloak "Vuekkad" {Harm +Blink Str+3 Dex-5}
 18913 | D:13     | Received a gift from Okawaru
 19310 | D:14     | Found a transporter.
 19315 | D:14     | Noticed a sphinx
 19316 | D:14     | Noticed a sphinx
 19343 | D:14     | Noticed Wuwnoc's ghost (journeyman VSBr)
 19354 | D:14     | Found a transporter.
 19369 | D:14     | Received a gift from Okawaru
 19705 | D:14     | You fall into a shaft and drop 1 floor!
 19705 | D:15     | Entered Level 15 of the Dungeon
 19734 | D:15     | Reached skill level 10 in Fighting
 20094 | D:15     | Found a staircase to the Depths.
 20103 | D:15     | Received a gift from Okawaru
 20258 | D:15     | Reached XP level 15. HP: 116/128 MP: 20/20
 20961 | Orc:1    | Entered Level 1 of the Orcish Mines
 21120 | Orc:1    | Found a roughly hewn altar of Beogh.
 21254 | Orc:2    | Entered Level 2 of the Orcish Mines
 21254 | Orc:2    | Noticed Urug
 21262 | Orc:2    | Killed Urug
 21356 | Orc:2    | Found a roughly hewn altar of Beogh.
 21491 | Orc:2    | Found a staircase to the Elven Halls.
 21659 | Orc:2    | Received a gift from Okawaru
 21713 | Orc:2    | Noticed Saint Roka
 21718 | Orc:2    | Found Jiaruf's Antique Weapon Shoppe.
 21722 | Orc:2    | Found a roughly hewn altar of Beogh.
 21770 | Orc:2    | Found a roughly hewn altar of Beogh.
 22059 | Orc:2    | Found a roughly hewn altar of Beogh.
 22095 | Orc:2    | Found Xuipsuth's Assorted Antiques.
 22149 | Orc:2    | Found a roughly hewn altar of Beogh.
 22238 | Orc:2    | Found a roughly hewn altar of Beogh.
 22424 | Orc:2    | Killed Saint Roka
 22627 | Orc:2    | Found Yloitt's Antique Armour Emporium.
 22721 | Orc:2    | Found a roughly hewn altar of Beogh.
 22819 | Orc:2    | Found a roughly hewn altar of Beogh.
 22820 | Orc:2    | Found Biut's Jewellery Boutique.
 22937 | Orc:2    | Bought a pair of translucent boots for 342 gold pieces
 22937 | Orc:2    | Identified the +2 pair of boots of Modesty {rPois rC+++
                  | Regen+ Int-2} (You bought it in a shop on level 2 of the
                  | Orcish Mines)
 23217 | Swamp:1  | Entered Level 1 of the Swamp
 23290 | Swamp:1  | Received a gift from Okawaru
 23327 | Swamp:1  | Found a runed translucent door.
 23327 | Swamp:1  | Found a shimmering altar of Xom.
 23327 | Swamp:1  | Noticed Huckle's ghost (journeyman FeSh)
 23470 | Swamp:1  | Identified a scroll of acquirement
 23471 | Swamp:1  | Acquired the +4 consecrated labrys {holy, Valiant ^Fragile
                  | Fly SInv}
 23471 | Swamp:1  | Found the +4 consecrated labrys {holy, Valiant ^Fragile Fly
                  | SInv}
 23474 | Swamp:1  | Noticed Nikola
 23481 | Swamp:1  | Killed from afar by Nikola

Illustrated notes

Levels and vault maps discovered:
D:1:      sevenhm_arrival_forest_fort_large_4, layout_basic,
          hellmonk_ecumenical_altar_dog_temple
D:2:      layout_rooms, minmay_misc_feat_chi
D:3:      layout_basic, grunt_temple_overflow_champion_of_chaos,
          nicolae_ru_great_annihilating_truth,
          nicolae_overflow_quartered_altars, mainiacjoe_overflow_24_doors,
          kennysheep_potato
D:4:      layout_basic, serial_shops, shop_scrolls, minivault_26
D:5:      cheibrodos_fzero, layout_basic, nicolae_sif_muna_condensation
D:6:      layout_loops_ring, enter_ossuary_4, serial_aquarium,
          aquarium_bridge_long_joined [aquarium_subvault_balcony,
          aquarium_subvault_balcony, aquarium_subvault_bridge,
          aquarium_subvault_window, aquarium_subvault_bridge,
          aquarium_subvault_balcony], aquarium_window_1, aquarium_window_2,
          aquarium_window_1, aquarium_view_2d, aquarium_view_2b,
          aquarium_balcony_3a, aquarium_pool_2, serial_shops, shop, uniq_grinder
D:7:      layout_loops_corners, fedhas_bush_and_centaur_altar,
          minmay_temple_entry_tees, serial_shops, shop
D:8:      layout_basic, grunt_lair_entry_orc_guard_hut
D:9:      layout_roguey, serial_shops, nicolae_shop_drivethru
D:10:     layout_long_grid, david_orc_2, enter_bailey_4, grunt_decor_one_mirror,
          columned_hall_lemuel, st_stairs_13
D:11:     layout_cave_pods, chequers_serial_rivers_small_a, uniq_harold
D:12:     layout_loops_ring, gammafunk_ghost_abyssal_escape
D:13:     layout_gridville, erik_vaults_2, portal_ice_cave_entry_pillars_2
D:14:     layout_small_grid, nzn_ghost_randoct, minmay_misc_feat_alley
D:15:     hangedman_depths_entry_civil_slaughter, layout_rooms
Temple:   minmay_temple_forest_path
Lair:1:   layout_chaotic_city
Lair:2:   layout_misc_corridors, grunt_megastairs_1
Lair:3:   layout_chaotic_city, palyth_hydra_swamp_entry, dummy_spider_entry,
          basic_altar, uniq_nessos
Lair:4:   layout_loops_ring, nicolae_slime_entry_slimehenge,
          gammafunk_ghost_wrathful_warriors, lemuel_fruit_fields
Lair:5:   hangedman_lair_tendril_chambers, layout_gridlike, minivault_26,
          uniq_josephine
Swamp:1:  layout_basic_swamp, ebering_ghost_xom,
          nicolae_swamp_decorative_isthmus, uniq_nikola
Orc:1:    layout_caves, basic_altar
Orc:2:    grunt_orc_community_town_hall, layout_diamond_mine,
          grunt_orc_community_big_house_1, grunt_orc_community_big_house_2,
          grunt_orc_community_house_3, grunt_orc_community_house_1,
          grunt_orc_community_house_2, grunt_orc_community_house_1,
          grunt_orc_community_house_1, grunt_orc_community_house_2, uniq_urug,
          uniq_saint_roka

Skill      XL: |  1  2  3  4  5  6  7  8  9 10 11 12 13 14 15 |
---------------+----------------------------------------------+-----
Fighting       | 4 6 9 10 12 | 12.4
Axes           | 3 4 5 6 8 10 12 14 16 18 | 18.0
Stealth        | 3 5 6 8 9 |  9.6
Evocations     | 1 2 4 |  4.6
Throwing       | 1 2 3 6 9 |  9.5
Armour         | 5 8 11 12 13 | 13.9
Shields        | 5 8 9 |  9.0
Invocations    | 2 6 9 |  9.5

Action                     |  1- 3 |  4- 6 |  7- 9 | 10-12 | 13-15 || total
---------------------------+-------+-------+-------+-------+-------++-------
  Melee: War axe           |    79 |    98 |   288 |   411 |   855 ||  1731
         Headbutt          |    15 |    20 |    44 |    78 |   164 ||   321
         Labrys            |       |       |       |       |     1 ||     1
  Throw: Throwing net      |       |       |     1 |       |       ||     1
         Boomerang         |       |       |       |     5 |     5 ||    10
         Dart              |       |       |       |     1 |       ||     1
 Invoke: Heroism           |       |       |       |       |     3 ||     3
         Receive Weapon    |       |       |       |       |     1 ||     1
         Receive Armour    |       |       |       |       |     1 ||     1
         Finesse           |       |       |       |       |     2 ||     2
  Evoke: Wand              |       |     3 |       |     4 |       ||     7
    Use: Scroll            |       |     6 |     3 |    11 |    12 ||    32
         Potion            |       |       |     6 |       |     1 ||     7
   Stab: Invisible         |       |     1 |       |       |       ||     1
         Paralysed         |       |     1 |       |       |       ||     1
         Sleeping          |       |       |       |       |     4 ||     4
 Armour: Scale mail        |    36 |       |       |       |       ||    36
         Chain mail        |    36 |    91 |   251 |   173 |   339 ||   890
         Plate armour      |       |       |       |    58 |       ||    58
  Dodge: Dodged            |    51 |    43 |    94 |    94 |   118 ||   400
  Block: Buckler           |    15 |    16 |    52 |     3 |       ||    86
         Kite shield       |       |       |       |   139 |   408 ||   547
         Reflection        |       |       |       |       |    37 ||    37

Table legend: (Time is in decaauts)
 A = Elapsed time spent in this place.
 B = Non-inter-level travel time spent in this place.
 C = Inter-level travel time spent in this place.
 D = Time resting spent in this place.
 E = Time spent auto-exploring this place.
 F = Levels seen in this place.
 G = Mean time per level.
                   A        B        C        D        E       F      G
               +--------+--------+--------+--------+--------+-----+--------+
         Total |  24065 |  21882 |   2183 |   3716 |  14516 |  27 |  891.3 |
       Dungeon |  14744 |  13157 |   1587 |   1860 |   9266 |  15 |  982.9 |
        Temple |    116 |      2 |    114 |      0 |      0 |   1 |  116.0 |
          Lair |   5071 |   4737 |    334 |    926 |   3102 |   5 | 1014.2 |
         Swamp |    268 |    268 |      0 |      4 |    166 |   1 |  268.0 |
  Orcish Mines |   2077 |   1930 |    147 |    431 |   1168 |   2 | 1038.5 |
       Ossuary |    320 |    320 |      0 |    134 |    120 |   1 |  320.0 |
        Bailey |    636 |    636 |      0 |    190 |    254 |   1 |  636.0 |
      Ice Cave |    829 |    829 |      0 |    168 |    438 |   1 |  829.0 |
               +--------+--------+--------+--------+--------+-----+--------+

Top non-repeatable levels by time:
   Orc:2: 1527 daAuts
     D:5: 1379 daAuts
  Lair:5: 1338 daAuts
    D:10: 1304 daAuts
     D:7: 1259 daAuts
     D:6: 1225 daAuts
  Lair:3: 1070 daAuts
    D:12: 1059 daAuts
     D:4: 1057 daAuts
     D:8: 991 daAuts
    D:11: 944 daAuts
  Lair:2: 944 daAuts
     D:1: 921 daAuts
  Lair:1: 905 daAuts
     D:9: 891 daAuts
